 Dungeon Crawl Stone Soup version 0.26-a0-830-g2a559e7be2 (webtiles) character file.

Game seed: 7079203632426211529

66 Descartes the Conjurer (level 3, 0/19 HPs)
             Began as a Deep Elf Conjurer on Nov 15, 2020.
             Slain by a gnoll (8 damage)
             ... on level 2 of the Dungeon.
             The game lasted 00:02:34 (1830 turns).

Descartes the Conjurer (Deep Elf Conjurer)          Turns: 1830, Time: 00:02:35

Health: 0/19       AC:  2    Str:  4    XL:     3   Next: 96%
Magic:  4/10       EV: 13    Int: 23    God:
Gold:   103        SH:  0    Dex: 13    Spells: 8/9 levels left

rFire    . . .     SeeInvis .   c - +0 hunting sling
rCold    . . .     Faith    .   (no shield)
rNeg     . . .     Spirit   .   a - +0 robe
rPois    .         Reflect  .   (no helmet)
rElec    .         Harm     .   (no cloak)
rCorr    .         Rampage  .   (no gloves)
MR       .....                  (no boots)
Stlth    ++........             (no amulet)
HPRegen  0.06/turn              (no ring)
MPRegen  0.12/turn              (no ring)

@: no status effects
A: no striking features
a: no special abilities


You were on level 2 of the Dungeon.
You visited 1 branch of the dungeon, and saw 2 of its levels.

You collected 103 gold pieces.

Inventory:

Hand Weapons
 c - a +0 hunting sling (weapon)
Missiles
 b - 90 stones (quivered)
 d - 27 bolts
 n - 19 poisoned darts
 p - 37 sling bullets
 t - 2 throwing nets
Armour
 a - a +0 robe (worn)
Scrolls
 e - a scroll of fog {unknown}
 f - 3 scrolls of enchant armour {unknown}
 g - 2 scrolls of magic mapping {unknown}
 k - a scroll of enchant weapon {unknown}
 l - a scroll of identify {unknown}
 m - a scroll of remove curse {unknown}
 q - a scroll of blinking {unknown}
 u - a scroll of amnesia {unknown}
Potions
 h - a potion of flight {unknown}
 i - 3 potions of mutation {unknown}
 j - a potion of lignification {unknown}
 o - a potion of haste {unknown}
 r - a potion of heal wounds {unknown}
 s - a potion of curing {unknown}
 v - a potion of attraction {unknown}


   Skills:
 - Level 2.4 Dodging
 + Level 3.4 Stealth
 + Level 3.8 Spellcasting
 * Level 5.3 Conjurations


You had 8 spell levels left.
You knew the following spells:

 Your Spells              Type           Power        Failure   Level
a - Magic Dart            Conj           ####         1%          1

Your spell library contained the following spells:

 Spells                   Type           Power        Failure   Level
 Searing Ray              Conj           ####..       1%          2
 Dazzling Flash           Conj/Hex       ###...       11%         3
 Fulminant Prism          Conj/Hex       ###.......   34%         4
 Iskenderun's Mystic Bla  Conj/Tloc      ###.....     34%         4


Dungeon Overview and Level Annotations

Branches:
Dungeon (2/15)

Altars:
Uskayaw


Message History

The magic dart hits the gnoll.
The gnoll is severely wounded.
The gnoll hits you!
Casting: Magic Dart (safe; 1% risk of failure)
Confirm with . or Enter, or press ? or * to list all spells.
Aiming: Magic Dart (safe; 1% risk of failure)
Press: ? - help, Shift-Dir - straight line, f/p - gnoll
Aim: a gnoll (severely wounded)
The magic dart hits the gnoll.
The gnoll is almost dead.
The gnoll hits you.
Casting: Magic Dart (safe; 1% risk of failure)
Confirm with . or Enter, or press ? or * to list all spells.
Aiming: Magic Dart (safe; 1% risk of failure)
Press: ? - help, Shift-Dir - straight line, f/p - gnoll
Aim: a gnoll (almost dead)
The magic dart hits the gnoll.
The gnoll is almost dead.
The gnoll hits you!
You die...

#... ####... #......
....... ..... #).
#... ..# #..g####
### #...@..#
######.# #.# #.#
##+## #.# ##...##
#.# ##.....## ###.#
##.......## ##.#.#
##.........####....#


You could see a gnoll.

Vanquished Creatures
  Natasha (D:2)
  A dart slug (D:1)
  3 leopard geckos
  2 ball pythons
  A giant cockroach (D:1)
  4 goblins
  4 hobgoblins (D:1)
  5 jackals
  4 kobolds
  4 bats
  3 frilled lizards
  2 rats (D:1)
34 creatures vanquished.

Notes
Turn   | Place    | Note
-------+----------+-------------------------------------------
     0 | D:1      | Descartes the Deep Elf Conjurer began the quest for the
                  | Orb.
     0 | D:1      | Reached XP level 1. HP: 10/10 MP: 6/6
   262 | D:1      | Reached XP level 2. HP: 15/15 MP: 5/8
   726 | D:1      | Reached skill level 5 in Conjurations
  1038 | D:2      | Reached XP level 3. HP: 19/19 MP: 6/10
  1413 | D:2      | Found a hide-covered altar of Uskayaw.
  1631 | D:2      | Noticed Natasha
  1636 | D:2      | Killed Natasha
  1830 | D:2      | Slain by a gnoll

Illustrated notes

Levels and vault maps discovered:
D:1:      giann_horns, layout_basic, minivault_26
D:2:      layout_loops_corners, cheibriados_altar_1, bloody_makhleb,
          eat_drink_and_be_merry_uskayaw, guppyfry_early_lair_pool, uniq_natasha

Skill      XL: |  1  2 |
---------------+-------+-----
Stealth        | 3 |  3.4
Conjurations   | 5 |  5.3
Dodging        | |  2.4
Spellcasting   | |  3.8

Action                   || total
-------------------------++-------
 Fire: Hunting sling     ||     6
 Cast: Magic Dart        ||    75
Armor: Robe              ||     2
Dodge: Dodged            ||    14

Table legend: (Time is in decaauts)
 A = Elapsed time spent in this place.
 B = Non-inter-level travel time spent in this place.
 C = Inter-level travel time spent in this place.
 D = Time resting spent in this place.
 E = Time spent auto-exploring this place.
 F = Levels seen in this place.
 G = Mean time per level.
                   A        B        C        D        E       F      G
               +--------+--------+--------+--------+--------+-----+--------+
         Total |   1831 |   1718 |    113 |      0 |   1554 |   2 |  915.5 |
       Dungeon |   1831 |   1718 |    113 |      0 |   1554 |   2 |  915.5 |
               +--------+--------+--------+--------+--------+-----+--------+

Top non-repeatable levels by time:
     D:1: 1178 daAuts
     D:2: 653 daAuts
